 Dungeon Crawl Stone Soup version 0.29-a0-775-g4d7333d4e2 (webtiles) character file.

Game seed: 5249281221568839204

25 xian the Changer (level 2, 0/21 HPs)
             Began as a Demonspawn Wanderer on July 1, 2022.
             Slain by a worm (8 damage)
             ... on level 2 of the Dungeon.
             The game lasted 00:03:14 (1320 turns).

xian the Changer (Demonspawn Wanderer)              Turns: 1320, Time: 00:03:15

Health: 0/21       AC:  4    Str: 10    XL:     2   Next: 86%
Magic:  1/3        EV: 11    Int: 15    God:
Gold:   75         SH:  4    Dex: 12    Spells: 2/3 levels left

rFire   . . .      SeeInvis .   a - +0 dagger
rCold   . . .      Faith    .   d - +0 buckler
rNeg    . . .      Spirit   .   c - +0 robe
rPois   .          Reflect  .   (no helmet)
rElec   .          Harm     .   (no cloak)
rCorr   .          Rampage  .   (no gloves)
Will    .....                   (no boots)
Stlth   +.........              (no amulet)
HPRegen 0.07/turn               (no ring)
MPRegen 0.08/turn               (no ring)

@: no status effects
A: molten scales 1
a: no special abilities


You were on level 2 of the Dungeon.
You visited 1 branch of the dungeon, and saw 2 of its levels.

You collected 75 gold pieces.

Inventory:

Hand Weapons
 a - a +0 dagger (weapon)
Missiles
 e - 2 poisoned darts
Armour
 c - a +0 robe (worn)
 d - a +0 buckler (worn)
Scrolls
 b - 2 scrolls of vulnerability
 g - a scroll of identify
 h - a scroll of immolation {unknown}
 i - a scroll of silence
 k - a scroll of blinking {unknown}
Potions
 f - a potion of attraction {unknown}
 j - a potion of invisibility {unknown}
 l - a potion of curing {unknown}


   Skills:
 + Level 1.0 Fighting
 + Level 0.2 Throwing
 + Level 0.5 Dodging
 + Level 1.8 Shields
 + Level 1.0 Spellcasting
 + Level 1.1 Necromancy
 + Level 5.0 Transmutations
 + Level 0.2 Poison Magic


You had 2 spell levels left.
You knew the following spells:

 Your Spells              Type           Power      Damage    Failure   Level
a - Sting                 Tmut/Pois      32%        1d4       11%         1

Your spell library contained the following spells:

 Spells                   Type           Power      Damage    Failure   Level
 Passwall                 Tmut/Erth      6%         N/A       17%         2
 Necrotize                Necr           16%        1d4       21%         1
 Vampiric Draining        Necr           4%         2d6       52%         3
 Ice Form                 Ice/Tmut       8%         N/A       75%         4


Dungeon Overview and Level Annotations

Branches:
Dungeon (2/15)

Altars:


Innate Abilities, Weirdness & Mutations

You are partially covered in molten scales. (AC +2)


Message History

l - a metallic coppery potion The sting hits the adder but does no damage.
The adder is poisoned.
The sting misses the adder.
The adder misses you.
A worm comes into view.
You miss the adder.
The adder is moderately wounded.
The adder completely misses you.
You hit the adder.
The adder is almost dead.
The adder looks more healthy.
The adder barely misses you.
You hit the adder.
You kill the adder!
You see here an adder corpse.
The sting hits the worm.
The worm is poisoned.
The worm is lightly wounded.
You see here an adder corpse.
You are out of magic!
The worm bites you!
You barely miss the worm.
The worm is moderately wounded.
The worm bites you.
You hit the worm.
The worm is heavily wounded.
The worm looks more healthy.
You hit the worm.
The worm is severely wounded.
The worm bites you.
You barely miss the worm.
The worm is severely wounded.
The worm misses you.
You hit the worm.
The worm is severely wounded.
You hit the worm but do no damage.
The worm is severely wounded.
You block the worm's attack.
You hit the worm but do no damage.
The worm is severely wounded.
The worm bites you!
You die...

### .... .....
############......
#.......@w........
##.#######.##......
#........$... .....
#.############ ....
#..#...#.# ...
#..#.#.#.#.#.#. ##
#.....P..P.P...
#..#.#.#P#.#.#.
#..#...#_#


You could see a worm.

Vanquished Creatures
  An adder (D:2)
  A ball python (D:1)
  An endoplasm (D:1)
  A goblin (D:1)
  A hobgoblin (D:1)
  2 jackals (D:1)
  3 bats (D:1)
  3 frilled lizards (D:1)
  2 kobolds (D:1)
  A rat (D:1)
16 creatures vanquished.

Vanquished Creatures (others)
  2 plants (D:2)
2 creatures vanquished.

Grand Total: 18 creatures vanquished

Notes
Turn   | Place    | Note
-------+----------+-------------------------------------------
     0 | D:1      | xian the Demonspawn Wanderer began the quest for the Orb.
     0 | D:1      | xian set off with the following items: a +0 dagger, a
                  | scroll of vulnerability, a +0 robe, a +0 buckler; and the
                  | following spells available to memorise: Sting, Passwall,
                  | Necrotize, Vampiric Draining, Ice Form.
     0 | D:1      | Reached XP level 1. HP: 15/15 MP: 2/2
   177 | D:1      | Learned a level 1 spell: Sting
   539 | D:1      | Gained mutation: You are partially covered in molten
                  | scales. (AC +2) [demonic ancestry]
   539 | D:1      | Reached XP level 2. HP: 16/21 MP: 1/3
   838 | D:1      | Reached skill level 5 in Transmutations
  1280 | D:2      | Found a faded altar of an unknown god.
  1320 | D:2      | Slain by a worm

Illustrated notes

Levels and vault maps discovered:
D:1:      lightli_arrival_maybe_door_vault, layout_loops_cross,
          serial_bayou_lagoon_b
D:2:      layout_rooms, shapermc_ecumenical_altar_mp_urbaneastern, minivault_5,
          kennysheep_generic_room_6

Skill      XL: |  1  2 |
---------------+-------+-----
Transmutations | 5 |  5.0
Fighting       | |  1.0
Throwing       | |  0.2
Dodging        | |  0.5
Shields        | |  1.8
Spellcasting   | |  1.0
Necromancy     | |  1.1
Poison Magic   | |  0.2

Action                   || total
-------------------------++-------
Melee: Dagger            ||    64
Throw: Dart              ||     5
 Cast: Sting             ||    10
  Use: Scroll            ||     1
Armor: Robe              ||    36
Dodge: Dodged            ||    47
Block: Buckler           ||    16

Table legend: (Time is in decaauts)
 A = Elapsed time spent in this place.
 B = Non-inter-level travel time spent in this place.
 C = Inter-level travel time spent in this place.
 D = Time resting spent in this place.
 E = Time spent auto-exploring this place.
 F = Levels seen in this place.
 G = Mean time per level.
                   A        B        C        D        E       F      G
               +--------+--------+--------+--------+--------+-----+--------+
         Total |   1342 |   1331 |     11 |      0 |   1082 |   2 |  671.0 |
       Dungeon |   1342 |   1331 |     11 |      0 |   1082 |   2 |  671.0 |
               +--------+--------+--------+--------+--------+-----+--------+

Top non-repeatable levels by time:
     D:1: 1287 daAuts
     D:2: 54 daAuts
